 Dungeon Crawl Stone Soup version 0.31-a0-43-g46d131a48f (webtiles) character file.

Game seed: 7583480211312955998

7 yumyumyeen the Stinger (level 1, -2/10 HPs)
             Began as a Deep Elf Venom Mage on May 19, 2023.
             Slain by a jackal (3 damage)
             ... on level 1 of the Dungeon.
             The game lasted 00:07:11 (478 turns).

yumyumyeen the Stinger (Deep Elf Venom Mage)         Turns: 478, Time: 00:07:12

Health: -2/10      AC:  3    Str:  5    XL:     1   Next: 83%
Magic:  6/6        EV: 12    Int: 19    God:
Gold:   29         SH:  0    Dex: 15    Spells: 5/6 levels left

rFire   . . .        (no weapon)
rCold   . . .        (no shield)
rNeg    . . .        a - +0 robe
rPois   .            e - +0 helmet
rElec   .            (no cloak)
rCorr   .            (no gloves)
SInv    .            (no boots)
Will    .....        d - amulet of regeneration
Stlth   ++           (no ring)
HPRegen 1.01/turn    (no ring)
MPRegen 0.10/turn

%: no passive effects
@: no status effects
A: no striking features
a: no special abilities


You were on level 1 of the Dungeon.
You visited 1 branch of the dungeon, and saw 1 of its levels.

You collected 29 gold pieces.

Inventory:

Armour
 a - a +0 robe (worn)
 e - a +0 helmet (worn)
Jewellery
 d - an amulet of regeneration (around neck)
Scrolls
 c - a scroll of identify {unknown}
 f - a scroll of vulnerability {unknown}
Potions
 b - a potion of magic


   Skills:
 + Level 2.6 Dodging
 + Level 2.6 Stealth
 - Level 0.1 Unarmed Combat
 + Level 3.1 Spellcasting
 - Level 1.1 Transmutations
 + Level 3.4 Poison Magic


You had 5 spell levels left.
You knew the following spells:

 Your Spells              Type           Power      Damage    Failure   Level
a - Sting                 Tmut/Pois      44%        1d5       6%          1

Your spell library contained the following spells:

 Spells                   Type           Power      Damage    Failure   Level
 Poisonous Vapours        Pois/Air       18%        N/A       12%         2
 Mephitic Cloud           Conj/Pois/Air  7%         N/A       28%         3
 Olgreb's Toxic Radiance  Pois           16%        N/A       36%         4


Dungeon Overview and Level Annotations

Branches:
Dungeon (1/15)

Altars:


Message History

You now have 29 gold pieces (gained 16).
You closely miss the jackal. The jackal closely misses you. x2
You hit the jackal but do no damage. You miss the jackal.
The jackal closely misses you. The jackal barely misses you. x2
You hit the jackal but do no damage. The jackal misses you.
The jackal bites you. The jackal misses you.
You hit the jackal but do no damage. The jackal completely misses you.
The jackal bites you. x2
You hit the jackal but do no damage. The jackal closely misses you.
The jackal misses you.
The jackal bites you but does no damage.
The jackal barely misses you. x2; The jackal closely misses you.
You hit the jackal but do no damage.
The jackal bites you but does no damage.
The jackal bites you. The jackal barely misses you.
You miss the jackal.
The jackal bites you but does no damage.
The jackal bites you. x2; The jackal barely misses you.
The jackal closely misses you. The jackal bites you.
* * * LOW HITPOINT WARNING * * *
You hit the jackal.
The jackal is moderately wounded.
The jackal misses you. x2; The jackal bites you.
* * * LOW HITPOINT WARNING * * *
You barely miss the jackal.
The jackal is moderately wounded.
The jackal bites you but does no damage.
The jackal barely misses you.
The jackal bites you but does no damage.
You closely miss the jackal.
The jackal is moderately wounded.
The jackal bites you but does no damage.
The jackal bites you. x2
* * * LOW HITPOINT WARNING * * *
The jackal bites you but does no damage.
The jackal bites you.
* * * LOW HITPOINT WARNING * * *
The jackal bites you.
You die...

######### #.......# #####
#.......# #...##
#######h......# #....
......h@......# ###...
#######h......## ...#.#
#........#
...#.###########........#
.....)............###....
...#.############.# ####
...#.# #.# .###.# #.. .#
#.# ##.#


You could see 3 jackals.

Vanquished Creatures
  2 ball pythons (D:1)
  2 bats (D:1)
  A frilled lizard (D:1)
  A kobold (D:1)
  A rat (D:1)
7 creatures vanquished.

Notes
Turn   | Place    | Note
-------+----------+-------------------------------------------
     0 | D:1      | yumyumyeen the Deep Elf Venom Mage began the quest for the
                  | Orb.
     0 | D:1      | Reached XP level 1. HP: 10/10 MP: 6/6
   478 | D:1      | Slain by a jackal

Illustrated notes

Levels and vault maps discovered:
D:1:      dpeg_arrival_simpleton_c, layout_loops_ring

Action                     || total
---------------------------++-------
  Melee: Unarmed           ||    87
         Punch             ||     3
    Use: Scroll            ||     1
   Stab: Sleeping          ||     1
 Armour: Robe              ||    49
  Dodge: Dodged            ||   132

Table legend: (Time is in decaauts)
 A = Elapsed time spent in this place.
 B = Non-inter-level travel time spent in this place.
 C = Inter-level travel time spent in this place.
 D = Time resting spent in this place.
 E = Time spent auto-exploring this place.
 F = Levels seen in this place.
 G = Mean time per level.
                   A        B        C        D        E       F      G
               +--------+--------+--------+--------+--------+-----+--------+
         Total |    478 |    478 |      0 |      0 |      7 |   1 |  478.0 |
       Dungeon |    478 |    478 |      0 |      0 |      7 |   1 |  478.0 |
               +--------+--------+--------+--------+--------+-----+--------+

Top non-repeatable levels by time:
     D:1: 478 daAuts
